 Dungeon Crawl Stone Soup version 0.27.1-35-g4d5d836560 (webtiles) character file.

Game seed: 14683022851520320874

5 Delamore the Sneak (level 1, 0/14 HPs)
             Began as an Octopode Brigand on May 2, 2022.
             Frozen to death by an endoplasm (5 damage)
             ... on level 1 of the Dungeon.
             The game lasted 00:00:14 (337 turns).

Delamore the Sneak (Octopode Brigand)                Turns: 337, Time: 00:00:15

Health: 0/14       AC:  1    Str: 10    XL:     1   Next: 80%
Magic:  1/1        EV: 12    Int: 13    God:
Gold:   0          SH:  0    Dex: 13    Spells: 0/0 levels left

rFire    . . .     SeeInvis .   a - +2 dagger
rCold    . . .     Faith    .   (no shield)
rNeg     . . .     Spirit   .   (helmet restricted)
rPois    .         Reflect  .   (no amulet)
rElec    .         Harm     .   (no ring)
rCorr    .         Rampage  .   (no ring)
Will     .....                  (no ring)
Stlth    ++++......             (no ring)
HPRegen  0.04/turn              (no ring)
MPRegen  0.07/turn              (no ring)
                                (no ring)
                                (no ring)

@: no status effects
A: almost no armour, amphibious, 8 rings, camouflage 1, gelatinous body 1,
(nimble swimmer 1), tentacles
a: no special abilities


You were on level 1 of the Dungeon.
You visited 1 branch of the dungeon, and saw 1 of its levels.

Inventory:

Hand Weapons
 a - a +2 dagger (weapon)
Missiles
 b - 8 poisoned darts (quivered)
 c - 2 curare-tipped darts
Potions
 d - a potion of attraction {unknown}
 e - a potion of ambrosia {unknown}


   Skills:
 - Level 2.0 Fighting
 * Level 2.3 Short Blades
 - Level 2.0 Throwing
 - Level 1.0 Dodging
 + Level 5.4 Stealth


You couldn't memorise any spells.
You didn't know any spells.
Your spell library was empty.

Dungeon Overview and Level Annotations

Branches:
Dungeon (1/15)

Altars:


Innate Abilities, Weirdness & Mutations

You cannot wear most types of armour.
You are amphibious.
You can wear up to eight rings at the same time.
Your skin changes colour to match your surroundings (Stealth+).
Your rubbery body absorbs attacks. (AC +1, EV +1)
((You are camouflaged near water. (Stealth+)))
You have tentacles for arms and can constrict up to eight enemies at once.


Message History

You see here a +0 club.
Found a fizzy purple potion.
Found a stone staircase leading down.
Found 8 gold pieces.
e - a fizzy purple potion No target in view!
A hobgoblin comes into view.
A hobgoblin is nearby!
A hobgoblin is nearby!
You see here 8 gold pieces.
An endoplasm and a hobgoblin come into view.
Found an escape hatch in the floor.
The endoplasm quivers.
The helpless hobgoblin fails to defend itself.
You impale the hobgoblin!!
You kill the hobgoblin!
An endoplasm comes into view.
You hit the endoplasm.
The endoplasm is lightly wounded.
The endoplasm closely misses you.
You barely miss the endoplasm.
The endoplasm is lightly wounded.
The endoplasm freezes you.
You are frozen.
There are monsters nearby!
There are monsters nearby!
You hit the endoplasm.
The endoplasm is heavily wounded.
You hit the endoplasm.
The endoplasm is severely wounded.
The hobgoblin shouts!
The endoplasm freezes you.
You are frozen.
You are too injured to fight recklessly!
You hit the endoplasm.
The endoplasm is almost dead.
A rat comes into view.
The endoplasm freezes you.
You are frozen.
You die...

# #.#....#...'..# #
####.##♣♣♣########
......## ### ##.
##.....#######... ...
##.###........#.####g#
....................r
##.##########.#...>#
##.# .J......J.#.###
##.# #..@....... ##.#
#..##...### ##.# ##.##
...# ##.# #..#...##
##.############$.#.....
#.........)...#......#.#
#############.#.#...># #
# ..............## #
#####.#.#.###.#


You could see 2 endoplasms, a hobgoblin and a rat.

Vanquished Creatures
  A ball python (D:1)
  A hobgoblin (D:1)
  A kobold (D:1)
  2 frilled lizards (D:1)
5 creatures vanquished.

Notes
Turn   | Place    | Note
-------+----------+-------------------------------------------
     0 | D:1      | Delamore the Octopode Brigand began the quest for the Orb.
     0 | D:1      | Reached XP level 1. HP: 14/14 MP: 1/1
   337 | D:1      | Frozen to death by an endoplasm

Illustrated notes

Levels and vault maps discovered:
D:1:      sevenhm_arrival_forest_fort_small_5, layout_basic,
          hangedman_decor_lopped

Action                   || total
-------------------------++-------
Melee: Dagger            ||    12
       Constrict         ||     1
 Stab: Sleeping          ||     3
Armor: Skin              ||     1
Dodge: Dodged            ||     2
